 Dungeon Crawl Stone Soup version 0.20-a0-760-g49f5558 (webtiles) character file.

1977 Colliwobble the Cleaver (level 9, -16/72 HPs)
             Began as a Minotaur Fighter on Feb 25, 2017.
             Was a Believer of Wu Jian.
             Demolished by a two-headed ogre
             ... wielding a +0 giant spiked club
              (20 damage)
             ... on level 8 of the Dungeon.
             The game lasted 00:11:29 (5683 turns).

Colliwobble the Cleaver (Minotaur Fighter)          Turns: 5683, Time: 00:11:30

Health: -16/72     AC:  9    Str: 26    XL:     9   Next: 0%
Magic:  0/8        EV:  7    Int:  5    God:    Wu Jian [**....]
Gold:   186        SH: 10    Dex: 14    Spells: 8/8 levels left

rFire    . . .     SeeInvis .   a - +0 war axe
rCold    . . .     Gourm    .   k - +0 scale mail
rNeg     . . .     Faith    .   c - +0 shield
rPois    +         Spirit   +   s - +0 hat
rElec    .         Reflect  .   (no cloak)
rCorr    .         Harm     .   e - +0 pair of gloves
MR       .....                  h - +0 pair of boots
Stlth    ..........             N - amulet of guardian spirit
Regen    0.3/turn               y - +3 ring of dexterity
MPRegen  0.2/turn               l - +3 ring of strength

@: no status effects
A: retaliatory headbutt, horns 2, talons 1, poison resistance
a: Renounce Religion


You were on level 8 of the Dungeon.
You worshipped Wu Jian.
Wu Jian was pleased with you.
You were not hungry.

You visited 2 branches of the dungeon, and saw 9 of its levels.

You collected 256 gold pieces.
You spent 70 gold pieces at shops.

Inventory:

Hand Weapons
 a - a +0 war axe (weapon)
 b - a +0 hunting sling
Missiles
 D - 49 sling bullets
Armour
 c - a +0 shield (worn)
 e - a +0 pair of gloves (worn)
 h - a +0 pair of boots (worn)
 k - a +0 scale mail (worn)
 s - a +0 hat (worn)
Jewellery
 l - a +3 ring of strength (left hand)
 y - a +3 ring of dexterity (right hand)
 C - an uncursed ring of fire
 G - the amulet of the Air {Inacc +Fly rElec EV+5 RMsl}
   (You found it on level 5 of the Dungeon)

   [amulet of inaccuracy]

   It reduces the accuracy of all your attacks.
   It affects your evasion (+5).
   It insulates you from electricity.
   It lets you fly.
   It protects you from missiles.
 I - an uncursed ring of protection from cold
 N - an amulet of guardian spirit (around neck)
Wands
 v - a wand of acid (9/15)
 x - a wand of enslavement (19/24)
 F - a wand of lightning (3/15)
 L - a wand of scattershot (3/9)
Scrolls
 j - 2 scrolls of enchant armour {unknown}
 m - 4 scrolls of teleportation {unknown}
 n - 2 scrolls of magic mapping {unknown}
 p - 4 scrolls of recharging {unknown}
 r - 2 scrolls of random uselessness {unknown}
 u - 4 scrolls of immolation {unknown}
 A - 4 scrolls of remove curse
 E - a scroll of noise {unknown}
 J - 4 scrolls of identify
Potions
 g - a potion of haste
 i - a potion of resistance {unknown}
 q - 4 potions of curing
 w - a potion of lignification
 z - a potion of ambrosia
 B - a potion of cancellation
 H - a potion of agility {unknown}
 K - 2 potions of invisibility {unknown}
Books
 d - a book of Maledictions

   Spells                             Type                      Level
   a - Corona                         Hexes                        1
   b - Ensorcelled Hibernation        Hexes/Ice                    2
   c - Confuse                        Hexes                        3
   d - Tukima's Dance                 Hexes                        3
   e - Dazzling Spray                 Conjuration/Hexes            3
Comestibles
 f - 4 bread rations
 o - 9 meat rations
 t - a royal jelly


   Skills:
 + Level 4.7 Fighting
 - Level 13.0 Axes
 + Level 4.8 Armour
 - Level 3.6 Shields


You had 8 spell levels left.
You didn't know any spells.

Dungeon Overview and Level Annotations

Branches:
Dungeon (8/15)             Temple (1/1) D:6
   Lair: D:8-11

Altars:
Ashenzari
Cheibriados
Dithmenos
Elyvilon
Gozag
Hepliaklqana
Kikubaaqudgha
Makhleb
Nemelex Xobeh
Okawaru
Qazlal
Trog
Uskayaw
Vehumet
Wu Jian
Xom
Yredelemnul
Zin
The Shining One

Shops:
D:4 ?


Innate Abilities, Weirdness & Mutations

You reflexively headbutt those who attack you in melee.
You have a pair of horns on your head.
You have sharp toenails.
Your system is resistant to poisons. (rPois)


Message History

You barely miss the two-headed ogre. You headbutt the two-headed ogre!
The two-headed ogre is heavily wounded.
The two-headed ogre hits you but does no damage.
The two-headed ogre hits you with a giant club.
* * * LOW HITPOINT WARNING * * *
You hit the two-headed ogre but do no damage.
You headbutt the two-headed ogre.
The two-headed ogre is severely wounded.
You slash the two-headed ogre!
Your headbutt misses the two-headed ogre.
The two-headed ogre is almost dead.
The two-headed ogre hits you with a giant spiked club.
* * * LOW HITPOINT WARNING * * *
The two-headed ogre hits you with a giant club!
* * * LOW HITPOINT WARNING * * *
You slash the two-headed ogre!
The two-headed ogre is almost dead.
You block the two-headed ogre's attack.
The two-headed ogre hits you with a giant club!!
You die...

#.# #.# #.####
#.##.## #.#...###
# #....... +
#.#...# #.##.#
#.O@.# ####.#
######
#####.###....##+#
#.........##.##.#
#.###.##..##(##.#
#.#
#.##..##.##.#####
#.#
#................
#.#
####..##......###
#.# #..##.#...##
#


You could see a two-headed ogre.

Vanquished Creatures
  Sigmund (D:3)
  Eustachio (D:6)
  Duvessa (D:5)
  2 ice beasts
  2 phantoms
  2 ogres (D:6)
  2 centaurs
  2 bullfrogs (D:7)
  Dowan (D:5)
  2 scorpions (D:4)
  3 wights (D:6)
  2 crimson imps
  A hound (D:6)
  A jelly (D:6)
  A bullfrog skeleton (D:6)
  An orc wizard (D:4)
  An orc priest (D:4)
  A hound skeleton (D:5)
  A worker ant zombie (D:4)
  A howler monkey zombie (D:7)
  6 gnolls
  6 adders
  3 oozes
  An adder skeleton (D:6)
  4 worms
  A leopard gecko (D:4)
  6 orcs
  2 ball pythons
  6 giant cockroaches
  8 goblins
  6 hobgoblins
  5 quokkas
  7 bats
  10 frilled lizards
  6 kobolds
  A leopard gecko skeleton (D:4)
  2 leopard gecko zombies
  9 rats
118 creatures vanquished.

Notes
Turn   | Place    | Note
-------+----------+-------------------------------------------
     0 | D:1      | Colliwobble the Minotaur Fighter began the quest for the Orb.
     0 | D:1      | Reached XP level 1. HP: 19/19 MP: 0/0
   116 | D:1      | Reached skill level 3 in Axes
   262 | D:1      | Reached XP level 2. HP: 26/26 MP: 1/1
   485 | D:2      | Reached skill level 4 in Axes
   696 | D:2      | Reached XP level 3. HP: 27/31 MP: 2/2
   917 | D:2      | Reached skill level 5 in Axes
  1043 | D:2      | Reached XP level 4. HP: 39/39 MP: 3/3
  1329 | D:2      | Found an ornate altar of the Wu Jian Council.
  1342 | D:2      | Became a worshipper of the Wu Jian Council
  1903 | D:3      | Reached skill level 6 in Axes
  1922 | D:3      | Found an opulent altar of Gozag.
  1928 | D:3      | Noticed Sigmund
  1935 | D:3      | Killed Sigmund
  1935 | D:3      | Reached skill level 7 in Axes
  1935 | D:3      | Reached XP level 5. HP: 37/45 MP: 4/4
  1935 | D:3      | Reached XP level 6. HP: 42/51 MP: 5/5
  1973 | D:3      | Found a white marble altar of Elyvilon.
  1980 | D:3      | Reached * piety under Wu Jian
  2359 | D:3      | Found a hide-covered altar of Uskayaw.
  2586 | D:4      | Reached skill level 8 in Axes
  2628 | D:4      | Found Ireahoe's Magic Scroll Shoppe.
  2641 | D:4      | Bought a scroll of remove curse for 42 gold pieces
  2641 | D:4      | Bought a scroll of identify for 28 gold pieces
  3031 | D:4      | Found a radiant altar of Vehumet.
  3147 | D:4      | Reached skill level 9 in Axes
  3201 | D:5      | Entered Level 5 of the Dungeon
  3483 | D:5      | Found a basalt altar of Yredelemnul.
  3653 | D:5      | Noticed an ice beast
  3653 | D:5      | Noticed Duvessa
  3653 | D:5      | Noticed Dowan
  3677 | D:5      | Gained mutation: Your system is resistant to poisons. (rPois) [potion of mutation]
  3677 | D:5      | Gained mutation: You have sharp toenails. [potion of mutation]
  3679 | D:5      | Killed Duvessa
  3679 | D:5      | Reached XP level 7. HP: 54/57 MP: 6/6
  3687 | D:5      | Reached skill level 10 in Axes
  3699 | D:5      | Killed Dowan
  3987 | D:6      | Found a staircase to the Ecumenical Temple.
  3995 | Temple   | Entered the Ecumenical Temple
  4119 | D:6      | Reached skill level 11 in Axes
  4119 | D:6      | Reached XP level 8. HP: 54/64 MP: 7/7
  4297 | D:6      | Reached ** piety under Wu Jian
  4310 | D:6      | Reached skill level 12 in Axes
  4732 | D:6      | Noticed Eustachio
  4738 | D:6      | Killed Eustachio
  4854 | D:6      | Reached skill level 13 in Axes
  5085 | D:7      | Found a burning altar of Makhleb.
  5085 | D:7      | Found a bloodstained altar of Trog.
  5086 | D:7      | Found a glowing silver altar of Zin.
  5087 | D:7      | Found a white marble altar of Elyvilon.
  5488 | D:7      | Reached XP level 9. HP: 63/72 MP: 0/8
  5665 | D:8      | Noticed a two-headed ogre
  5683 | D:8      | Demolished by a two-headed ogre

Vault maps used:
D:1:      minmay_arrival_open_corners
D:2:      lemuel_crystal_altar
D:3:      lemuel_doored_altar, overflow_temple_1_default, first_bread,
          grunt_ministairs_14, elyvilon_altar_3, uniq_sigmund
D:4:      fiery_altar_vehumet, serial_shops, shop
D:5:      lemuel_crystal_altar, kennysheep_opposing_triangles, uniq_duvessa
D:6:      minmay_temple_entry_crystal_x, uniq_eustachio
D:7:      chequers_temple_overflow_statue_of_worship
D:8:      david_lair_generic, uniq_joseph
Temple:   zaba_magenta_temple

Skill      XL: |  1  2  3  4  5  6  7  8 |
---------------+-------------------------+-----
Axes           | 3 4 5 7 9 11 13 | 13.0
Fighting       | 4 |  4.7
Armour         | 4 |  4.8
Shields        | |  3.6

Action                   |  1- 3 |  4- 6 |  7- 9 || total
-------------------------+-------+-------+-------++-------
Melee: War axe           |    79 |   122 |   148 ||   349
       Headbutt          |     8 |    21 |    29 ||    58
 Fire: Hunting sling     |    15 |       |       ||    15
  Use: Potion            |       |     2 |       ||     2
       Scroll            |       |     6 |     3 ||     9
  Eat: Chunk             |       |     7 |     6 ||    13
       Royal jelly       |       |       |     1 ||     1
Armor: Scale mail        |    31 |    45 |    50 ||   126
Dodge: Dodged            |    20 |    35 |    31 ||    86
Block: Shield            |    33 |    57 |    51 ||   141
